 Dungeon Crawl Stone Soup version 0.29.1-4-g47bece8355 (webtiles) character file.

Game seed: 18432181460622359446

822 fishmans the Basher (level 7, -7/41 HPs)
             Began as a Gargoyle Fighter on Dec 8, 2022.
             Was an Initiate of Okawaru.
             Killed from afar by a gargoyle (24 damage)
             ... with a stone arrow
             ... on level 4 of the Dungeon on Dec 9, 2022.
             The game lasted 00:20:13 (4114 turns).

fishmans the Basher (Gargoyle Fighter)              Turns: 4114, Time: 00:20:13

Health: -7/41      AC: 17    Str: 22    XL:     7   Next: 95%
Magic:  7/7        EV:  6    Int:  8    God:    Okawaru [......]
Gold:   219        SH:  4    Dex:  9    Spells: 6/6 levels left

rFire   . . .      SeeInvis .   o - +1 flail (vorpal)
rCold   . . .      Faith    .   c - +0 buckler
rNeg    + . .      Spirit   .   f - +0 plate armour
rPois   ∞          Reflect  .   (helmet restricted)
rElec   +          Harm     .   (no cloak)
rCorr   .          Rampage  .   (no gloves)
Will    +....                   l - +0 pair of boots
Stlth   ..........              (no amulet)
HPRegen 0.13/turn               k - ring of willpower
MPRegen 0.10/turn               (no ring)

@: mighty
A: sickness immunity, AC +4, negative energy resistance 1, electricity
resistance, torment resistance 1, petrification resistance, horns 1, mutation
resistance 1
a: Renounce Religion


You were on level 4 of the Dungeon.
You worshipped Okawaru.
Okawaru was noncommittal.
You visited 1 branch of the dungeon, and saw 5 of its levels.

You collected 219 gold pieces.

Inventory:

Hand Weapons
 a - a +0 spectral flail
 o - a +1 vorpal flail (weapon)
Missiles
 i - 3 boomerangs (quivered)
Armour
 b - a +0 scale mail
 c - a +0 buckler (worn)
 f - a +0 plate armour (worn)
 h - a +2 tower shield
 l - a +0 pair of boots (worn)
 m - a +1 chain mail
Jewellery
 k - a ring of willpower (left hand)
 p - a ring of ice
Wands
 r - a wand of iceblast (12)
Scrolls
 j - a scroll of enchant armour
 q - 4 scrolls of teleportation
 s - a scroll of magic mapping
 t - a scroll of identify
Potions
 d - a potion of might
 e - a potion of brilliance {unknown}
 g - a potion of heal wounds
 n - a potion of curing {unknown}
 u - a potion of resistance {unknown}


   Skills:
 - Level 3.2 Fighting
 + Level 8.9 Maces & Flails
 - Level 3.2 Armour
 - Level 3.2 Shields


You had 6 spell levels left.
You didn't know any spells.
Your spell library contained the following spells:

 Spells                   Type           Power      Damage    Failure   Level
 Slow                     Hex            0%         N/A       100%        1
 Sting                    Tmut/Pois      0%         1d3       100%        1
 Ensorcelled Hibernation  Hex/Ice        0%         N/A       100%        2
 Passwall                 Tmut/Erth      0%         N/A       100%        2
 Poisonous Vapours        Pois/Air       0%         N/A       100%        2
 Static Discharge         Conj/Air       0%         3-3/arc   100%        2
 Confusing Touch          Hex            0%         N/A       100%        3
 Dazzling Flash           Conj/Hex       0%         N/A       100%        3
 Frozen Ramparts          Ice            0%         1d1       100%        3
 Swiftness                Air            0%         N/A       100%        3
 Vampiric Draining        Necr           0%         2d6       100%        3
 Dispel Undead            Necr           0%         3d6       100%        4
 Ice Form                 Ice/Tmut       0%         N/A       100%        4
 Iskenderun's Mystic Bla  Conj/Tloc      0%         2d3       100%        4
 Olgreb's Toxic Radiance  Pois           0%         N/A       100%        4
 Sticky Flame             Conj/Fire      0%         2d3       100%        4
 Starburst                Conj/Fire      0%         6d3       100%        6
 Summon Ice Beast         Ice/Summ       Unusable   N/A       N/A         4

Dungeon Overview and Level Annotations

Branches:
Dungeon (5/15)             Temple (0/1) D:5

Altars:
Ashenzari
Cheibriados
Gozag
Okawaru
Sif Muna

Shops:
D:4 [

Annotations:
D:2 1 exclusion, Sigmund
D:3 1 runed translucent door, Crazy Yiuf
D:5 Edmund


Innate Abilities, Weirdness & Mutations

You are immune to sickness and miasma.
Your stone body is resilient. (AC +4)
You are immune to poison.
You resist negative energy. (rN+)
You are resistant to electric shocks. (rElec)
You are resistant to unholy torment.
You are immune to petrification.
You have a pair of small horns on your head.
You are somewhat resistant to further mutation.


Message History

The jackal attacks as you move away! You block the jackal's attack.
Press: ? - help, v - describe, . - travel The floor.
There are monsters nearby!
The jackal attacks as you move away! The jackal barely misses you.
The jackal bites you but does no damage.
The jackal attacks as you move away!
The jackal bites you but does no damage.
The jackal attacks as you move away!
The jackal bites you but does no damage.
The jackal bites you but does no damage.
The jackal bites you but does no damage.
The jackal bites you but does no damage.
The jackal attacks as you move away! The jackal barely misses you.
The jackal attacks as you move away!
The jackal bites you but does no damage.
A gargoyle comes into view. It is wielding a +0 flail.
The jackal attacks as you move away!
The jackal bites you but does no damage.
The gargoyle hurls a stone arrow at you.
The stone arrow hits you! The jackal bites you.
The jackal attacks as you move away! You block the jackal's attack.
The jackal attacks as you move away!
The jackal bites you but does no damage.
The gargoyle hurls a stone arrow at you.
The stone arrow hits you! The jackal attacks as you move away!
The jackal closely misses you. You block the gargoyle's attack.
The jackal attacks as you move away!
The jackal bites you but does no damage.
There is an escape hatch in the ceiling here.
The gargoyle hits you but does no damage.
A mysterious force pulls you upwards. The hatch slams shut behind you.
Okay, then.
You feel very mighty all of a sudden.
The gargoyle hurls a stone arrow at you.
The stone arrow hits you!!
Ouch! That really hurt!
You die...

######.......#####.##
###'####### #..#
#.....# ##.#
#.....##########.#
#.....'.......##.#
#.....#######.##..
#.....# ####.####
#.....# #<...# #
#@....# ###### #
#.9...# # ####### #


You could see a gargoyle.

Vanquished Creatures
  A black bear (D:4)
  4 scorpions (D:4)
  5 hounds (D:5)
  2 orc priests
  A gnoll bouda (D:5)
  An iguana (D:4)
  3 orc wizards
  7 adders
  A white imp (D:5)
  A dart slug (D:2)
  9 orcs
  3 bats
  8 endoplasms
  4 giant cockroaches
  8 goblins
  3 hobgoblins
  9 jackals
  2 quokkas
  9 ball pythons
  6 kobolds
  8 rats
95 creatures vanquished.

Vanquished Creatures (others)
  2 fungi (D:1)
  7 plants (D:1)
9 creatures vanquished.

Grand Total: 104 creatures vanquished

Notes
Turn   | Place    | Note
-------+----------+-------------------------------------------
     0 | D:1      | fishmans the Gargoyle Fighter began the quest for the Orb.
     0 | D:1      | Reached XP level 1. HP: 14/14 MP: 1/1
    67 | D:1      | Reached XP level 2. HP: 19/19 MP: 2/2
   141 | D:1      | Reached skill level 3 in Maces & Flails
   571 | D:1      | Reached XP level 3. HP: 19/23 MP: 3/3
   668 | D:1      | Found a faded altar of an unknown god.
  1238 | D:2      | Reached skill level 4 in Maces & Flails
  1374 | D:2      | Noticed Sigmund
  1388 | D:1      | Reached XP level 4. HP: 23/28 MP: 4/4
  1623 | D:3      | Gained mutation: You are robust. (+10% HP) [potion of
                  | mutation]
  1623 | D:3      | Lost mutation: You are robust. (+10% HP) [potion of
                  | mutation]
  1623 | D:3      | Gained mutation: You are somewhat resistant to further
                  | mutation. [potion of mutation]
  1623 | D:3      | Gained mutation: You have a pair of small horns on your
                  | head. [potion of mutation]
  1859 | D:3      | Found a runed translucent door.
  1860 | D:3      | Noticed Crazy Yiuf
  1956 | D:3      | Reached skill level 5 in Maces & Flails
  1956 | D:3      | Reached XP level 5. HP: 32/32 MP: 5/5
  2746 | D:4      | Reached skill level 6 in Maces & Flails
  3013 | D:4      | Found Oqanibou's Armour Emporium.
  3067 | D:4      | Reached XP level 6. HP: 37/37 MP: 6/6
  3164 | D:5      | Entered Level 5 of the Dungeon
  3202 | D:5      | Noticed Edmund
  3338 | D:4      | Reached skill level 7 in Maces & Flails
  3403 | D:4      | Reached XP level 7. HP: 41/41 MP: 7/7
  3452 | D:5      | Reached skill level 8 in Maces & Flails
  3632 | D:5      | Found an opulent altar of Gozag.
  3728 | D:5      | Found a shimmering blue altar of Sif Muna.
  3919 | D:5      | Found an iron altar of Okawaru.
  3920 | D:5      | Found a snail-covered altar of Cheibriados.
  3920 | D:5      | Found a broken altar of Ashenzari.
  3932 | D:5      | Became a worshipper of Warmaster Okawaru
  3977 | D:5      | Found a staircase to the Ecumenical Temple.
  4102 | D:5      | Noticed a gargoyle
  4114 | D:4      | Killed from afar by a gargoyle

Illustrated notes

Levels and vault maps discovered:
D:1:      wander_arrival_fairy_ring, layout_rooms,
          shapermc_ecumenical_altar_mp_highgroup
D:2:      layout_rooms, lightli_corner_chamber, uniq_sigmund
D:3:      layout_rooms, uniq_crazy_yiuf_cottage
D:4:      layout_basic, serial_shops, shop
D:5:      cheibrodos_fzero, layout_basic, grunt_gozag_breadcrumbs,
          nicolae_sif_muna_condensation,
          chequers_temple_overflow_statue_of_worship, temple_fountains,
          uniq_edmund

Skill      XL: |  1  2  3  4  5  6  7 |
---------------+----------------------+-----
Maces & Flails | 3 4 5 6 7 8 |  8.9
Fighting       | |  3.2
Armour         | |  3.2
Shields        | |  3.2

Action                   |  1- 3 |  4- 6 |  7- 9 || total
-------------------------+-------+-------+-------++-------
Melee: Flail             |    97 |   135 |    58 ||   290
       Headbutt          |       |    16 |     9 ||    25
Throw: Boomerang         |       |     3 |       ||     3
  Use: Scroll            |     3 |     7 |       ||    10
       Potion            |       |     2 |     1 ||     3
Armor: Scale mail        |    52 |    50 |       ||   102
       Chain mail        |       |    25 |       ||    25
       Plate armour      |       |    21 |    57 ||    78
Dodge: Dodged            |    51 |    66 |    27 ||   144
Block: Buckler           |    10 |    28 |    18 ||    56
       Tower shield      |     6 |       |       ||     6
